 Dungeon Crawl Stone Soup version 0.20-a0-1116-gaa52201 (webtiles) character file.

130721 Avack the Earth Mage (level 17, -4/99 HPs)
             Began as a Gargoyle Earth Elementalist on May 8, 2017.
             Was the Champion of Hepliaklqana.
             Killed by divine providence
             ... invoked by a meliai
              (13 damage)
             ... on level 3 of the Spider Nest.
             The game lasted 01:48:01 (25083 turns).

Avack the Earth Mage (Gargoyle Earth Elementalist) Turns: 25083, Time: 01:48:02

Health: -4/99      AC: 24    Str: 13    XL:     17   Next: 8%
Magic:  27/32      EV: 24    Int: 22    God:    Hepliaklqana [******]
Gold:   1814       SH:  8    Dex: 13    Spells: 12/24 levels left

rFire    . . .     SeeInvis .   J - +7 flail (venom)
rCold    + . .     Gourm    .   x - +3 buckler "Joev" {rC+ rCorr Slay+3}
rNeg     + . .     Faith    .   h - +0 troll leather armour
rPois    ∞         Spirit   .   L - +2 hat {Int+3}
rElec    +         Reflect  .   (no cloak)
rCorr    +         Harm     .   X - +2 pair of gloves
MR       +....                  e - +2 pair of boots
Stlth    ++........             (no amulet)
Regen    0.7/turn               y - +4 ring of evasion
MPRegen  0.3/turn               Z - ring of magical power

@: flying, studying Shields
A: reduced essence, big wings, negative energy resistance 1, electricity
resistance, unbreathing, petrification resistance, rot immunity, AC +12
a: Stop Flying, Recall Ancestor, Ancestor Identity, Transference, Idealise,
Renounce Religion


You were on level 3 of the Spider Nest.
You worshipped Hepliaklqana.
Hepliaklqana was exalted by your worship.
You were very hungry.

You visited 4 branches of the dungeon, and saw 25 of its levels.

You collected 2325 gold pieces.
You spent 511 gold pieces at shops.

Inventory:

Hand Weapons
 J - a +7 flail of venom (weapon)
Missiles
 b - 137 stones
 S - 3 throwing nets (quivered)
Armour
 e - a +2 pair of boots (worn)
 h - a +0 troll leather armour (worn)
 x - the +3 buckler "Joev" (worn) {rC+ rCorr Slay+3}
   (You found it on level 4 of the Dungeon)

   It affects your accuracy and damage with ranged weapons and melee attacks
   (+3).
   It protects you from cold.
   It protects you from acid and corrosion.
 K - a +1 leather armour of fire resistance
 L - a +2 hat of intelligence (worn)
 X - a +2 pair of gloves (worn)
Jewellery
 n - an uncursed ring of protection from magic
 q - an uncursed ring of fire
 y - a +4 ring of evasion (left hand)
 P - an uncursed ring of ice
 Z - a ring of magical power (right hand)
Wands
 k - a wand of iceblast (5/15)
 w - a wand of digging (15/24)
 G - a wand of paralysis (14/24)
 M - a wand of lightning (9/15)
 O - a wand of iceblast (7/15)
 T - a wand of flame (28/48)
 U - a wand of disintegration (12/24)
 Y - a wand of clouds (2/9)
Scrolls
 a - 2 scrolls of immolation
 c - a scroll of enchant weapon
 r - 5 scrolls of recharging
 z - 4 scrolls of teleportation
 B - 3 scrolls of amnesia
 D - 12 scrolls of remove curse
 E - 4 scrolls of magic mapping
 N - a scroll of fear
 Q - 4 scrolls of identify
 W - a scroll of holy word
Potions
 f - 4 potions of brilliance
 g - 8 potions of might
 i - 4 potions of cancellation
 j - 2 potions of curing
 o - 4 potions of resistance
 s - 8 potions of haste
 t - 4 potions of ambrosia
 u - 5 potions of agility
 A - a potion of mutation
 C - 2 potions of invisibility
 F - 3 potions of berserk rage
 R - a potion of magic
Books
 p - a manual of Shields
 v - a book of Power

   Spells                             Type                      Level
   a - Iskenderun's Battlesphere      Conjuration/Charms           5
   b - Venom Bolt                     Conjuration/Poison           5
   c - Bolt of Magma                  Conjuration/Fire/Earth       5
   d - Iron Shot                      Conjuration/Earth            6
   e - Orb of Destruction             Conjuration                  7
   f - Spellforged Servitor           Conjuration/Summoning        7
Miscellaneous
 V - a phantom mirror
Comestibles
 d - 12 bread rations
 l - a meat ration
 m - 20 royal jellies
 H - 14 fruits
 I - 2 chunks of flesh


   Skills:
 - Level 14.0 Fighting
 - Level 5.0 Maces & Flails
 - Level 14.8 Dodging
 - Level 2.1 Stealth
 - Level 5.1 Shields
 - Level 4.2 Spellcasting
 - Level 4.0 Transmutations
 + Level 17.5 Earth Magic
 - Level 6.2 Invocations
 - Level 8.2 Evocations


You had 12 spell levels left.
You knew the following spells:

 Your Spells              Type           Power        Failure   Level  Hunger
a - Sandblast             Erth           ######       0%          1    None
b - Passwall              Tmut/Erth      ######....   1%          2    #......
c - Lee's Rapid Deconstr  Erth           ######....   1%          5    ######.
d - Petrify               Tmut/Erth      ######..     1%          4    ####...


Dungeon Overview and Level Annotations

Branches:
Dungeon (15/15)            Temple (0/1) D:4            Lair (5/6) D:8
 Shoals (0/4) Lair:4       Spider (3/4) Lair:2        Slime (0/5) Lair:5
    Orc (2/2) D:10            Elf (0/3) Orc:2        Vaults (0/5) D:13
 Depths (0/5) D:15

Altars:
Dithmenos
Elyvilon
Hepliaklqana
Kikubaaqudgha
Qazlal
Sif Muna
Trog
Vehumet
Wu Jian
Yredelemnul
Zin
The Shining One
Jiyva

Shops:
D:10 [!   D:15 [   Orc:2 [(%=

Annotations:
D:5 Grinder
Lair:3 exclusion: oklob plant


Innate Abilities, Weirdness & Mutations

You are resistant to torment.
Your stone body is resilient. (AC +12)
You are immune to poison.
Your large and strong wings let you fly indefinitely.
You resist negative energy. (rN+)
You are resistant to electric shocks. (rElec)
You can survive without breathing.
You are immune to petrification.
You are immune to rotting.
Your life essence is reduced. (-10% HP)


Message History

The meliai stops moving altogether!
The meliai calls upon its god to heal the meliai.
The meliai's wounds heal themselves!
The meliai invokes the aid of its god against you.
Something smites you!
* * * LOW HITPOINT WARNING * * *
You feel better.
The meliai barely misses Vesna.
The meliai closely misses Vesna.
The meliai hits Vesna with a broad axe!!
The meliai stings Vesna!
The meliai calls upon its god to heal the meliai.
The meliai is healed somewhat.
The meliai misses Vesna.
The meliai barely misses Vesna.
The meliai invokes the aid of its god against you.
Something smites you!
* * * LOW HITPOINT WARNING * * *
There is a stone staircase leading up here.
The meliai mumbles some strange prayers to its god against you.
Something smites you!
You die...

## #≈≈.#≈≈...# ##
≈##≈#^.#....##≈# ##
#≈#...##...#≈≈≈# . ##
#.###≈...........#≈#
...#≈##..###≈#.........≈..
...#..#≈..#..≈............
...##.....#..#...<........
....##....#..#.........^.#
............y.yR@........#
............y...........##
.†......................#
...^.y#...................
.....................^....
......................#...
..........................
.........................
.......#..........<.......


You could see the friendly Vesna the battlemage and 3 meliai.

Vanquished Creatures
  Gastronok (Orc:1)
  Kirke (D:13)
  An entropy weaver (Spider:2)
  A yaktaur captain (D:15)
  An ettin (D:13)
  3 ogre magi (Orc:2)
  5 hydras
  16 two-headed ogres
  4 centaur warriors
  A tengu warrior (D:15)
  A queen ant (Spider:2)
  Urug (D:11)
  2 unseen horrors
  2 necromancers
  12 wolf spider zombies (Spider:1)
  An obsidian statue (D:15)
  2 deep elf magi
  2 orc knights
  5 orb spiders
  6 wolf spiders
  8 ugly things
  2 cyclopes
  A manticore (D:13)
  The ghost of Lochraine the Grave Robber, a novice DDNe (D:5)
  A black mamba (Lair:3)
  A kobold demonologist (D:14)
  3 spiny frogs
  4 komodo dragons
  2 demonic crawlers
  2 trolls
  6 redback zombies (Spider:1)
  2 tengu conjurers
  12 jumping spiders
  A queen bee (Lair:2)
  6 slime creatures
  A hornet (D:9)
  4 tarantella zombies (Spider:1)
  4 blink frogs
  28 yaks
  The ghost of Shinoi the Firebug, an amateur DEFE (D:4)
  A shadow (D:13)
  5 tarantellas
  A wraith (D:12)
  A yak (shapeshifter) (D:13)
  A wyvern (D:14)
  8 hogs
  18 redbacks
  A basilisk (D:13)
  5 water moccasins
  7 wargs
  Edmund (D:6)
  8 soldier ants
  Duvessa (D:6)
  9 orc warriors
  5 porcupines
  An ice beast (D:15)
  4 sky beasts
  A phantom (D:4)
  35 ogres
  2 necrophages
  10 wolves
  9 centaurs
  5 crocodiles
  14 bullfrogs
  A big kobold (D:12)
  A wyvern zombie (D:11)
  A water moccasin zombie (D:12)
  A wyvern skeleton (D:13)
  2 scorpions (D:6)
  27 killer bees
  2 electric eels
  A vampire bat (D:3)
  5 centaur zombies
  A howler monkey (D:10)
  A crimson imp (D:13)
  6 orc priests
  2 hounds
  3 centaur skeletons
  3 jellies
  Natasha (twice) (D:3)
  Jessica (D:3)
  An iguana (D:11)
  13 orc wizards
  24 worker ants
  A hound skeleton (D:6)
  10 adders
  A shadow imp (D:11)
  An adder skeleton (D:9)
  4 worms
  A dart slug (D:1)
  A leopard gecko (D:4)
  43 orcs
  3 bat skeletons (D:3)
  A bat zombie (D:3)
  4 giant cockroaches
  5 goblins
  8 hobgoblins
  3 jackals
  17 kobolds
  3 quokkas
  3 ball pythons
  11 bats
  4 frilled lizards
  6 rats
  A fungus (Lair:2)
540 creatures vanquished.

Vanquished Creatures (collateral kills)
  A tengu reaver (D:12)
  An emperor scorpion (Spider:2)
  An entropy weaver (Spider:2)
  Erolcha (D:11)
  Harold (Lair:2)
  An ice dragon (D:13)
  5 two-headed ogres
  Erica (Orc:1)
  An ogre mage (Orc:2)
  A hydra (Lair:5)
  4 centaur warriors
  The ghost of Graouh the Basher, a novice MiFi of Okawaru (D:9)
  A tengu warrior (D:14)
  An unseen horror (D:15)
  4 orb spiders
  An orc knight (D:15)
  3 wolf spider zombies (Spider:1)
  3 orc sorcerers
  8 wolf spiders
  A deep elf mage (D:13)
  9 ugly things
  A cyclops (D:12)
  4 merfolk sirens (Lair:4)
  5 spiny frogs
  A torpor snail (Lair:3)
  A rime drake (Lair:1)
  A redback zombie (Spider:1)
  A yaktaur (D:15)
  4 demonic crawlers
  2 komodo dragons
  5 jumping spiders
  A tengu conjurer (D:15)
  4 trolls
  A tarantella zombie (Spider:1)
  4 hippogriffs
  7 blink frogs
  6 slime creatures
  2 wyverns
  2 hogs
  21 yaks
  9 redbacks
  3 tarantellas
  A human (D:7)
  3 basilisks
  8 soldier ants
  9 porcupines
  4 water moccasins
  10 orc warriors
  A phantom (D:9)
  A hornet zombie (D:13)
  3 ice beasts
  2 sky beasts
  5 ogres
  6 wolves
  6 centaurs
  3 crocodiles
  A big kobold (D:9)
  8 bullfrogs
  A scorpion (D:8)
  Dowan (D:6)
  14 killer bees
  3 electric eels
  2 howler monkeys (D:10)
  2 centaur zombies
  4 crimson imps
  7 hounds
  4 orc priests
  A jelly (D:14)
  3 orc wizards
  A bullfrog skeleton (D:11)
  An iguana (D:4)
  9 worker ants
  A worker ant zombie (D:5)
  An adder (D:8)
  A shadow imp (D:8)
  An ooze (D:5)
  A leopard gecko (D:5)
  15 orcs
  A bat skeleton (D:3)
  3 jackals (D:7)
  4 kobolds
  A quokka (D:12)
  A butterfly (Lair:3)
  A fungus (Lair:5)
290 creatures vanquished.

Vanquished Creatures (others)
  A human (D:13)
  30 battlemagi
  4 orcs
  2 fungi
  A plant (Lair:2)
38 creatures vanquished.

Grand Total: 868 creatures vanquished

Notes
Turn   | Place    | Note
-------+----------+-------------------------------------------
     0 | D:1      | Avack the Gargoyle Earth Elementalist began the quest for the Orb.
     0 | D:1      | Reached XP level 1. HP: 10/10 MP: 3/3
   274 | D:1      | Reached skill level 4 in Earth Magic
   325 | D:1      | Reached XP level 2. HP: 15/15 MP: 1/5
   374 | D:1      | Learned a level 2 spell: Passwall
   793 | D:1      | Reached XP level 3. HP: 18/19 MP: 2/6
   839 | D:1      | Reached skill level 5 in Earth Magic
  1236 | D:2      | Reached XP level 4. HP: 19/24 MP: 0/7
  1565 | D:3      | Found a faded altar of an unknown god.
  1573 | D:3      | Noticed Natasha
  1582 | D:3      | Killed Natasha
  1582 | D:3      | Reached skill level 6 in Earth Magic
  1595 | D:3      | Noticed Natasha
  1604 | D:3      | Became a worshipper of Hepliaklqana the Forgotten
  1604 | D:3      | Reached * piety under Hepliaklqana
  1761 | D:3      | Found a deep blue altar of Sif Muna.
  1886 | D:3      | Noticed Jessica
  1892 | D:3      | Killed Jessica
  1892 | D:3      | Reached XP level 5. HP: 23/25 MP: 6/8
  1896 | D:3      | Found a deep blue altar of Sif Muna.
  2097 | D:3      | Reached skill level 7 in Earth Magic
  2111 | D:3      | Found an ancient bone altar of Kikubaaqudgha.
  2371 | D:3      | Killed Natasha
  2456 | D:4      | Reached XP level 6. HP: 22/28 MP: 5/9
  2457 | D:4      | Reached skill level 8 in Earth Magic
  2568 | D:4      | Noticed a phantom
  2574 | D:4      | Killed a phantom
  2657 | D:4      | Reached skill level 9 in Earth Magic
  2744 | D:4      | Got a smoking buckler
  2750 | D:4      | Identified the +3 buckler "Joev" {rC+ rCorr Slay+3} (You found it on level 4 of the Dungeon)
  2754 | D:4      | Reached ** piety under Hepliaklqana
  2755 | D:4      | Remembered your ancestor Vesna as a battlemage
  2823 | D:4      | Found a staircase to the Ecumenical Temple.
  2875 | D:4      | Reached XP level 7. HP: 32/32 MP: 7/10
  2882 | D:4      | Learned a level 5 spell: Lee's Rapid Deconstruction
  3217 | D:4      | Noticed Shinoi's ghost (amateur DEFE)
  3220 | D:4      | Killed Shinoi's ghost
  3220 | D:4      | Reached skill level 10 in Earth Magic
  3355 | D:5      | Entered Level 5 of the Dungeon
  3355 | D:5      | Noticed Lochraine's ghost (novice DDNe)
  3610 | D:5      | Reached XP level 8. HP: 34/36 MP: 5/11
  3614 | D:5      | Reached skill level 11 in Earth Magic
  3760 | D:5      | Found a white marble altar of Elyvilon.
  3820 | D:5      | Found a shadowy altar of Dithmenos.
  3837 | D:5      | Killed Lochraine's ghost
  3837 | D:5      | Reached skill level 12 in Earth Magic
  3910 | D:5      | Reached skill level 1 in Transmutations
  4134 | D:5      | Noticed Grinder
  4268 | D:6      | Reached XP level 9. HP: 40/40 MP: 5/12
  4424 | D:6      | Reached *** piety under Hepliaklqana
  4566 | D:6      | Noticed Edmund
  4572 | D:6      | Killed Edmund
  4639 | D:6      | Noticed Duvessa
  4640 | D:6      | Noticed Dowan
  4646 | D:6      | Killed Dowan
  4649 | D:6      | Killed Duvessa
  4724 | D:6      | Learned a level 4 spell: Petrify
  5116 | D:7      | Identified the Papyrus of Shifting Flight
  5259 | D:7      | Found a glowing silver altar of Zin.
  5260 | D:7      | Found a glowing golden altar of the Shining One.
  5261 | D:7      | Found a basalt altar of Yredelemnul.
  5261 | D:7      | Found a radiant altar of Vehumet.
  5296 | D:7      | Found an ornate altar of the Wu Jian Council.
  5377 | D:7      | Reached skill level 5 in Dodging
  5602 | D:7      | Reached XP level 10. HP: 45/45 MP: 8/13
  6565 | D:8      | Reached **** piety under Hepliaklqana
  6771 | D:8      | Found a staircase to the Lair.
  6774 | D:8      | Reached skill level 1 in Fighting
  6848 | Lair:1   | Entered Level 1 of the Lair of Beasts
  7403 | Lair:1   | Reached skill level 5 in Fighting
  7648 | Lair:1   | Reached skill level 1 in Shields
  8009 | Lair:1   | Reached XP level 11. HP: 25/59 MP: 4/14
  8447 | Lair:1   | Reached skill level 5 in Shields
  8453 | Lair:2   | Noticed a four-headed hydra
  8453 | Lair:2   | Noticed an eight-headed hydra
  8571 | Lair:2   | Killed a four-headed hydra
  8677 | Lair:2   | Noticed Harold
  8693 | Lair:2   | Killed Harold
  8795 | Lair:2   | Killed an eight-headed hydra
  8943 | Lair:2   | Noticed a wolf spider
  9042 | Lair:2   | Noticed a wolf spider
  9043 | Lair:2   | Killed a wolf spider
  9063 | Lair:2   | Killed a wolf spider
  9063 | Lair:2   | Reached skill level 10 in Dodging
  9210 | Lair:2   | Noticed a five-headed hydra
  9336 | Lair:2   | Killed a five-headed hydra
 10055 | Lair:2   | Reached XP level 12. HP: 63/63 MP: 15/15
 10071 | Lair:2   | Found a hole to the Spider Nest.
 10601 | Lair:3   | Reached skill level 1 in Invocations
 10915 | Lair:3   | Got a smoking flail
 10916 | Lair:3   | Reached ***** piety under Hepliaklqana
 11067 | Lair:3   | Got a dazzling quarterstaff
 11071 | Lair:3   | Reached skill level 5 in Invocations
 11140 | Lair:3   | Identified the cursed +2 flail of Qamozorof {vamp, rPois rF+ rC++ Dex+2} (You found it on level 3 of the Lair of Beasts)
 11151 | Lair:3   | Noticed a four-headed hydra
 11162 | Lair:3   | Killed a four-headed hydra
 11256 | Lair:3   | Reached skill level 1 in Evocations
 11257 | Lair:3   | Identified the +0 quarterstaff "Hustring" {protect, +Blink Dex+2} (You found it on level 3 of the Lair of Beasts)
 12050 | Lair:4   | Found a staircase to the Shoals.
 12126 | Lair:3   | Reached skill level 5 in Evocations
 12204 | Lair:4   | Reached XP level 13. HP: 59/72 MP: 17/17
 13746 | Lair:5   | Reached ****** piety under Hepliaklqana
 13796 | Lair:5   | Found a viscous altar of Jiyva.
 13796 | Lair:5   | Found a staircase to the Slime Pits.
 14032 | D:9      | Noticed Graouh's ghost (novice MiFi)
 14458 | D:9      | Killed Graouh's ghost
 14762 | D:9      | Reached skill level 1 in Maces & Flails
 15163 | D:9      | Found a stormy altar of Qazlal.
 15352 | D:10     | Entered Level 10 of the Dungeon
 15433 | D:10     | Found Zoopimub's Distillery.
 15676 | D:10     | Found a staircase to the Orcish Mines.
 15789 | D:10     | Found Mecweob's Antique Armour Shoppe.
 15797 | D:10     | Bought a glowing leather armour for 115 gold pieces
 16034 | D:11     | Reached skill level 5 in Maces & Flails
 16460 | D:11     | Noticed Erolcha
 16475 | D:11     | Killed Erolcha
 16555 | D:11     | Found a shadowy altar of Dithmenos.
 16767 | D:11     | Gained mutation: Your large and strong wings let you fly indefinitely. [Gargoyle growth]
 16767 | D:11     | Reached XP level 14. HP: 56/77 MP: 20/20
 17004 | D:11     | Noticed Urug
 17015 | D:11     | Killed Urug
 17208 | Orc:1    | Entered Level 1 of the Orcish Mines
 17256 | Orc:2    | Entered Level 2 of the Orcish Mines
 17337 | Orc:2    | Found a staircase to the Elven Halls.
 17503 | Orc:2    | Found Jialeudd's Antique Armour Shoppe.
 17518 | Orc:1    | Noticed Erica
 17523 | Orc:1    | Killed Erica
 17729 | Orc:1    | Noticed Gastronok
 17815 | Orc:1    | Killed Gastronok
 18217 | Orc:2    | Found Notylats's Armour Shoppe.
 18217 | Orc:2    | Found Gobuom's Antique Weapon Boutique.
 18218 | Orc:2    | Found Umauf's Food Boutique.
 18218 | Orc:2    | Found Hutait's Jewellery Emporium.
 18225 | Orc:2    | Reached skill level 10 in Fighting
 18491 | Orc:2    | Bought a +4 ring of evasion for 396 gold pieces
 19045 | D:12     | Found a glowing golden altar of the Shining One.
 19140 | D:12     | Reached XP level 15. HP: 86/88 MP: 19/21
 20030 | D:13     | Noticed Kirke
 20035 | D:13     | Noticed a sphinx
 20035 | D:13     | Noticed a sphinx
 20039 | D:13     | Killed Kirke
 20161 | D:13     | Noticed a tengu reaver
 20162 | D:13     | Noticed a tengu reaver
 20173 | D:13     | HP: 3/90 [tengu reaver/great mace (17)]
 20191 | D:12     | HP: 3/90 [battlesphere[a tengu reaver] (22)]
 20394 | D:12     | Killed a tengu reaver
 20541 | D:13     | Found a glowing silver altar of Zin.
 20667 | D:13     | Found a bloodstained altar of Trog.
 20836 | D:13     | Found a gate to the Vaults.
 21607 | D:15     | Entered Level 15 of the Dungeon
 21607 | D:15     | Found Arghudec's Armour Emporium.
 21967 | D:15     | Reached XP level 16. HP: 95/95 MP: 10/22
 22181 | D:15     | Found a staircase to the Depths.
 22378 | D:15     | Reached skill level 13 in Earth Magic
 22765 | Spider:1 | Entered Level 1 of the Spider Nest
 22939 | Spider:1 | Reached skill level 14 in Earth Magic
 23207 | Spider:1 | Reached skill level 15 in Earth Magic
 23911 | Spider:2 | Reached skill level 16 in Earth Magic
 24529 | Spider:2 | Reached skill level 17 in Earth Magic
 24754 | Spider:3 | Reached XP level 17. HP: 92/99 MP: 23/23
 25083 | Spider:3 | Killed from afar by a meliai

Vault maps used:
D:1:      dpeg_arrival_prison, amethyst_killhole, minmay_misc_feat_ornament,
          minmay_liquid_box, minmay_heptomino_h4
D:2:      first_bread
D:3:      kennysheep_vampire_church, lemuel_doored_altar,
          chequers_ecumenical_altar_lobes, tgw_sif, uniq_natasha
D:4:      minmay_temple_entry_butterflies
D:5:      elyvilon_altar_4, kennysheep_mini_moat, uniq_grinder
D:6:      uniq_duvessa, uniq_edmund
D:7:      grunt_temple_overflow_open, grunt_livestock,
          kennysheep_decorative_pillar
D:8:      grunt_lair_entry_orc_guard_hut
D:9:      david_defended_altar_elf
D:10:     minmay_orc_entry_guard_dogs, serial_shops, kennysheep_mini,
          nicolae_shop_temple_entry_statues_fountains
D:11:     nicolae_dithmenos_through_a_glass_darkly, uniq_erolcha, uniq_urug
D:12:     basic_altar
D:13:     david_vaults_4, jmf_multi_god_temple, uniq_kirke
D:14:     minmay_misc_feat_hallway, serial_corexii_hall, corexii_hall_statues_i,
          corexii_hall_statues_l, minmay_misc_feat_x
D:15:     grunt_enter_depths_snipers, serial_shops, shop,
          minmay_misc_feat_roman, minivault_16
Lair:1:   hangedman_lair_unloving_vines, disabler_island
Lair:2:   spider_nest_entry_funnel_web, special_room, lemuel_fruit_fields,
          uniq_harold
Lair:3:   minivault_25, minmay_lair_oklob_items, beast_lair_carwin_5,
          grunt_megastairs_3, lemuel_fruit_fields
Lair:4:   elwin_shoals_entry_stream, serial_bayou_shore_a
Lair:5:   slime_altar_1
Spider:1: lemuel_spider_zombies
Spider:2: zaba_antful_of_joy
Orc:1:    uniq_gastronok, uniq_erica
Orc:2:    st_orc_ogre_mass, serial_shops, nicolae_shop_waterfront,
          abandoned_shop

Skill      XL: |  1  2  3  4  5  6  7  8  9 10 11 12 13 14 15 16 |
---------------+-------------------------------------------------+-----
Earth Magic    | 4 5 6 7 9 10 12 17 | 17.5
Transmutations | 3 4 |  4.0
Dodging        | 6 7 11 12 14 | 14.8
Fighting       | 6 9 13 14 | 14.0
Shields        | 4 5 |  5.1
Invocations    | 6 |  6.2
Evocations     | 5 8 |  8.2
Maces & Flails | 5 |  5.0
Spellcasting   | 4 |  4.2
Stealth        | |  2.1

Action                   |  1- 3 |  4- 6 |  7- 9 | 10-12 | 13-15 | 16-18 || total
-------------------------+-------+-------+-------+-------+-------+-------++-------
Melee: Club              |     9 |       |       |       |       |       ||     9
       Short sword       |    19 |    43 |     6 |       |       |       ||    68
       Dagger            |       |       |    15 |       |       |       ||    15
       Flail             |       |       |    21 |   234 |   579 |   359 ||  1193
 Cast: Sandblast         |    46 |    40 |    62 |    62 |   153 |    67 ||   430
       Passwall          |     3 |       |       |       |       |       ||     3
       Lee's Rapid Decon |       |       |     5 |    19 |    52 |    32 ||   108
       Petrify           |       |       |     5 |    12 |    48 |    27 ||    92
Invok: Ancestor Life: Ba |       |     1 |       |       |       |       ||     1
       Idealise          |       |       |       |       |     4 |     1 ||     5
       Recall Ancestor   |       |       |       |       |     4 |       ||     4
       Transference      |       |       |       |       |     2 |       ||     2
 Abil: Fly               |       |       |       |       |       |     1 ||     1
  Use: Scroll            |     7 |     8 |     2 |     8 |    18 |     9 ||    52
       Potion            |       |       |       |     3 |     1 |     1 ||     5
 Stab: Sleeping          |       |     2 |       |     1 |     2 |     1 ||     6
       Petrified         |       |       |     2 |    16 |    46 |    32 ||    96
       Petrifying        |       |       |       |     1 |     4 |       ||     5
       Distracted        |       |       |       |     3 |     9 |     3 ||    15
  Eat: Chunk             |     2 |     6 |    12 |    26 |    54 |    11 ||   111
       Fruit             |       |       |       |     6 |     1 |       ||     7
       Meat ration       |       |       |       |       |     1 |     1 ||     2
       Royal jelly       |       |       |       |       |       |     4 ||     4
Armor: Robe              |    16 |    39 |    27 |   147 |    49 |       ||   278
       Leather armour    |       |       |       |       |    44 |       ||    44
       Troll leather arm |       |       |       |       |    98 |   178 ||   276
Dodge: Dodged            |    29 |    71 |    32 |   352 |   514 |   560 ||  1558
Block: Buckler           |       |       |    18 |   155 |   264 |   219 ||   656
